 Dungeon Crawl Stone Soup version 0.18.1-48-g4cf74bf (console) character file.

128492 Kloppie the Bludgeoner (level 16, -2/155 HPs)
             Began as a Minotaur Berserker on June 27, 2016.
             Was a High Priest of Trog.
             Slain by a four-headed hydra (3 damage)
             ... called by a spriggan druid
             ... on level 4 of the Swamp.
             The game lasted 00:59:02 (30313 turns).

Kloppie the Bludgeoner (Minotaur Berserker)        Turns: 30313, Time: 00:59:02

Health: -2/155     AC: 22    Str: 24    XL:     16   Next: 48%
Magic:  15/15      EV: 15    Int:  4    God:    Trog [*****.]
Gold:   2505       SH: 15    Dex: 15    Spells: 0 memorised, 15 levels left

rFire  . . .     SeeInvis .     a - +3 eveningstar
rCold  + + .     Gourm    .     n - +0 chain mail {rPois}
rNeg   . . .     Faith    .     P - +1 shield {reflect}
rPois  +         Spirit   .     y - +0 hat {rC+}
rElec  .         Dismiss  .     h - +1 cloak
rCorr  .         Reflect  +     L - +0 pair of gloves
SustAt .         Harm     .     (no boots)
MR     +++..                    (no amulet)
Stlth  ..........               B - ring of Nifoxol {+Inv rC+ Slay+4}
                                I - +4 ring of protection

@: regenerating, slowed, very slow, extremely resistant to hostile enchantments,
extremely unstealthy
A: retaliatory headbutt, horns 2
a: Berserk, Trog's Hand, Brothers in Arms, Burn Spellbooks, Renounce Religion,
Evoke Invisibility


You were on level 4 of the Swamp.
You worshipped Trog.
Trog was extremely pleased with you.
You were not hungry.

You visited 4 branches of the dungeon, and saw 27 of its levels.
You also visited: Bailey, Ice Cave and Volcano.

You collected 2687 gold pieces.
You spent 182 gold pieces at shops.

Inventory:

Hand Weapons
 a - a +3 eveningstar (weapon)
 b - the +10 morningstar of Unnigydi {crush, SInv}
   (Trog gifted it to you on level 7 of the Lair of Beasts)

   It inflicts extra damage upon your enemies.
   It lets you see invisible.
Armour
 h - a +1 cloak (worn)
 n - a +0 chain mail of poison resistance (worn)
 y - a +0 hat of cold resistance (worn)
 L - a +0 pair of gloves (worn)
 O - the +1 robe "Vyjitt" {-Cast rPois rN+ MR+++}
   (You found it on level 8 of the Lair of Beasts)

   It protects you from poison.
   It protects you from negative energy.
   It affects your resistance to hostile enchantments.
   It prevents spellcasting.
 P - a +1 shield of reflection (worn)
Jewellery
 B - the ring of Nifoxol (right hand) {+Inv rC+ Slay+4}
   (You found it on level 7 of the Dungeon)

   [ring of slaying]

   It affects your accuracy and damage with ranged weapons and melee attacks
   (+4).
   It protects you from cold.
   It lets you turn invisible.
 C - a +2 ring of intelligence
 E - a +5 ring of protection
 G - a +5 ring of strength {unknown}
 I - a +4 ring of protection (left hand)
 M - an uncursed ring of protection from magic
Wands
 p - a wand of hasting (4/9)
 t - a wand of disintegration (15/24)
 H - a wand of disintegration (6/24)
Scrolls
 g - a scroll of summoning
 i - a scroll of magic mapping
 l - 8 scrolls of teleportation
 m - 2 scrolls of enchant armour
 o - 6 scrolls of remove curse
 r - 6 scrolls of noise
 s - 2 scrolls of recharging
 v - 6 scrolls of enchant weapon
 w - 4 scrolls of fog
 F - 4 scrolls of blinking
 S - 2 scrolls of fear
Potions
 d - 6 potions of flight
 e - 2 potions of resistance
 j - a potion of cancellation
 q - 4 potions of lignification
 x - 5 potions of curing
 z - 3 potions of might
 D - 3 potions of heal wounds
 J - 3 potions of haste
 N - a potion of brilliance
Books
 k - a book of Party Tricks

   Spells                             Type                      Level
   a - Summon Butterflies             Summoning                    1
   b - Apportation                    Translocation                1
   c - Tukima's Dance                 Hexes                        3
   d - Alistair's Intoxication        Transmutation/Poison         5
   e - Invisibility                   Hexes                        6
   Trog disapproves of the use of such an item.
Comestibles
 c - 12 bread rations
 f - 5 meat rations
 u - 5 slices of pizza
 A - 5 beef jerkies
 R - 2 royal jellies


   Skills:
 - Level 17.1 Fighting
 + Level 17.2 Maces & Flails
 + Level 15.6 Armour
 - Level 12.0 Dodging
 - Level 15.3 Shields


You had 15 spell levels left.
You didn't know any spells.

Dungeon Overview and Level Annotations

Branches:
Dungeon (13/15)            Temple (0/1) D:6            Lair (8/8) D:8
  Swamp (4/4) Lair:4       Spider (0/4) Lair:6        Slime (0/6) Lair:8
    Orc (2/2) D:11            Elf (0/3) Orc:2        Vaults (0/5) D:13

Altars:
Cheibriados
Dithmenos
Elyvilon
Fedhas
Kikubaaqudgha
Nemelex Xobeh
Vehumet
Xom
The Shining One
Jiyva

Shops:
D:10 (   D:12 %   Orc:1 [=   Orc:2 (![[

Annotations:
D:4 1 runed door
Lair:1 exclusion: oklob plant


Innate Abilities, Weirdness & Mutations

You reflexively headbutt those who attack you in melee.
You have a pair of horns on your head.


Message History

You kill the spriggan druid!
Trog accepts your kill.
Trog appreciates your killing of a magic user.
The forest abruptly stops moving.
The alligator zombie bites you.
* * * LOW HITPOINT WARNING * * *
The alligator zombie misses you. The bog body casts a spell at you.
The bolt of cold hits you! You resist.
* * * LOW HITPOINT WARNING * * *
The alligator zombie completely misses you.
The alligator zombie tail-slaps you but does no damage.
The bog body points at you and mumbles some strange words.
You resist with almost no effort.
You block the alligator zombie's attack. x2
You see here a bog body corpse.
You block the four-headed hydra's attack.
The four-headed hydra bites you!
* * * LOW HITPOINT WARNING * * *
The four-headed hydra bites you.
You die...

≈ ♣♣♣♣♣♣♣♣♣ ≈≈ ...
♣♣≈♣♣≈†.)♣..≈≈
≈.≈≈.♣♣♣≈.≈♣@DZn..≈≈≈)
≈≈..≈≈.<≈≈.≈≈§≈≈..≈≈##
≈≈≈.♣♣...≈≈≈≈≈≈≈.≈≈≈♣
≈ ..(..≈≈≈≈≈≈≈..≈≈♣♣
≈..§≈.≈≈.......♣♣♣
.≈≈≈≈≈≈≈§≈.♣....≈♣
♣.≈§.≈≈..♣♣♣≈.....♣
≈≈≈§≈≈.≈♣♣ ≈.....♣♣
≈≈≈≈≈≈≈.♣ ≈.≈....


You could see a four-headed hydra, a bog body and an alligator zombie.

Vanquished Creatures
  Maud (D:10)
  Louise (Swamp:2)
  3 orc warlords
  The ghost of baghtru the Cleaver, a journeyman HOFi of Beogh (D:11)
  The ghost of forly the Arsonist, a journeyman DrFE of Nemelex Xobeh (Lair:1)
  The ghost of Kloppie the Grappler, a journeyman TrFi of Makhleb (Lair:4)
  An ettin (Orc:2)
  Josephine (Lair:5)
  Erolcha (D:13)
  The ghost of Schimscham the Blocker, a journeyman MiFi of Okawaru (Swamp:1)
  Fannar (Lair:3)
  A ghost crab (Swamp:2)
  An ogre mage (D:13)
  11 hydras
  A centaur warrior (D:13)
  4 catoblepae
  6 alligators
  16 death yaks
  The ghost of Kloppie the Basher, a journeyman GrFi of the Shining One (Lair:2)
  A deep troll shaman (Lair:8)
  3 orc high priests (Orc:2)
  A fire crab (Lair:7)
  2 spriggan druids
  5 swamp dragons
  4 skeletal warriors (D:13)
  3 hill giants
  5 orc knights
  2 hornets
  A lindwurm (Lair:8)
  4 orc sorcerers
  An ugly thing (D:12)
  2 griffons (Lair:2)
  2 cyclopes
  Maurice (D:13)
  6 black mambas
  2 ice statues (IceCv)
  3 elephants (Lair:8)
  23 spiny frogs
  3 gargoyles
  A kobold demonologist (D:12)
  4 swamp worm zombies (Swamp:4)
  5 rime drakes
  An efreet (Volcano)
  9 komodo dragons
  A demonic crawler (Lair:6)
  10 ice devils (IceCv)
  The ghost of Kloppie the Skirmisher, an amateur MiBe of Trog (D:3)
  2 trolls
  3 giant leeches
  13 slime creatures
  A polar bear (Lair:8)
  5 bog bodies
  3 two-headed ogres
  2 alligator zombies (Swamp:4)
  44 blink frogs
  A boulder beetle (Lair:8)
  11 spriggans
  2 wyverns
  2 shadows (Swamp:3)
  5 wraiths
  37 yaks
  15 hippogriffs
  A basilisk (Lair:3)
  A fire elemental (Volcano)
  A hungry ghost (D:8)
  Menkaure (D:5)
  11 vampire mosquitoes
  12 swamp worms
  5 wargs
  Duvessa (D:4)
  3 insubstantial wisps (Swamp:3)
  10 porcupines
  23 water moccasins
  7 swamp drakes
  12 ice beasts
  30 orc warriors
  2 phantoms
  2 black bears
  14 wasps
  6 centaurs
  2 sky beasts
  26 wolves
  22 crocodiles
  9 ogres
  An elf zombie (D:9)
  4 big kobolds
  26 giant frogs
  Dowan (D:4)
  7 scorpions
  5 killer bees (D:13)
  17 wights
  4 crimson imps
  5 giant frog zombies
  A howler monkey (D:6)
  5 centaur zombies
  4 hounds
  4 jellies
  5 human zombies (D:9)
  2 centaur skeletons
  2 giant frog skeletons
  11 orc priests
  18 orc wizards
  20 iguanas
  A human skeleton (D:9)
  12 worker ants
  26 sheep
  An ogre skeleton (D:9)
  A hound skeleton (D:7)
  A mummy (D:9)
  10 gnolls
  70 river rats
  10 adders
  A shadow imp (D:5)
  6 white imps (IceCv)
  6 ufetubi (IceCv)
  An ooze (D:2)
  An adder zombie (D:5)
  An adder skeleton (D:5)
  A worm (Lair:6)
  A dart slug (D:3)
  6 giant geckos
  69 orcs
  A ball python (D:2)
  4 bats
  5 giant cockroaches
  9 hobgoblins
  10 jackals
  4 quokkas
  7 giant newts
  21 goblins
  19 kobolds
  A quokka zombie (D:5)
  2 rats
  A fungus (Lair:8)
958 creatures vanquished.

Vanquished Creatures (collateral kills)
  A stone giant (Orc:2)
  Harold (Lair:3)
  Sonja (Lair:3)
  6 orc warriors
  An orc priest (Orc:1)
  4 orc wizards
  7 orcs
21 creatures vanquished.

Vanquished Creatures (others)
  A spriggan (Swamp:2)
  A wasp (Swamp:2)
  A white imp (IceCv)
  4 ufetubi (IceCv)
  An orc (Orc:1)
  23 fungi
  16 plants
47 creatures vanquished.

Grand Total: 1026 creatures vanquished

Notes
Turn   | Place    | Note
--------------------------------------------------------------
     0 | D:1      | Kloppie the Minotaur Berserker began the quest for the Orb.
     0 | D:1      | Reached XP level 1. HP: 19/19 MP: 0/0
   239 | D:1      | Reached XP level 2. HP: 16/27 MP: 1/1
   505 | D:1      | You fall through a shaft!
   583 | D:2      | Reached ** piety under Trog
   583 | D:2      | Reached XP level 3. HP: 30/34 MP: 2/2
  1130 | D:2      | Found a blossoming altar of Fedhas.
  1251 | D:2      | Reached skill level 5 in Fighting
  1260 | D:2      | Reached XP level 4. HP: 36/42 MP: 3/3
  1406 | D:2      | Reached skill level 5 in Maces & Flails
  1541 | D:3      | Found a snail-covered altar of Cheibriados.
  1609 | D:3      | Noticed Kloppie's ghost (amateur MiBe)
  1625 | D:3      | Killed Kloppie's ghost
  1625 | D:3      | Reached XP level 5. HP: 51/51 MP: 4/4
  1625 | D:3      | Reached XP level 6. HP: 58/58 MP: 5/5
  1751 | D:3      | Found a radiant altar of Vehumet.
  1758 | D:3      | Reached *** piety under Trog
  1985 | D:3      | Found a glowing golden altar of the Shining One.
  2236 | D:4      | Found a white marble altar of Elyvilon.
  2236 | D:4      | Found a runed door.
  2236 | D:4      | Noticed an angel
  2242 | D:4      | Noticed Dowan
  2243 | D:4      | Noticed Duvessa
  2251 | D:4      | Killed Duvessa
  2255 | D:4      | Killed Dowan
  2257 | D:4      | Reached XP level 7. HP: 61/66 MP: 6/6
  2487 | D:4      | Found a white marble altar of Elyvilon.
  2881 | D:5      | Entered Level 5 of the Dungeon
  3257 | D:5      | Reached XP level 8. HP: 59/77 MP: 7/7
  3605 | D:5      | Noticed Menkaure
  3618 | D:5      | Killed Menkaure
  4345 | D:5      | Reached skill level 10 in Maces & Flails
  4392 | D:5      | Reached **** piety under Trog
  4452 | D:6      | Reached skill level 10 in Fighting
  4671 | D:6      | Found a staircase to the Ecumenical Temple.
  4844 | D:6      | Found a sparkling altar of Nemelex Xobeh.
  5420 | D:7      | Got a vibrating pewter ring
  5421 | D:7      | Identified the ring of Nifoxol {+Inv rC+ Slay+4} (You found it on level 7 of the Dungeon)
  5506 | D:7      | Reached XP level 9. HP: 85/85 MP: 8/8
  5632 | D:7      | Reached skill level 1 in Shields
  5767 | D:7      | Found a shadowy altar of Dithmenos.
  6291 | D:8      | Reached skill level 5 in Shields
  6362 | D:8      | Found a staircase to the Lair.
  6372 | Lair:1   | Entered Level 1 of the Lair of Beasts
  6381 | Lair:1   | Noticed an eight-headed hydra
  6386 | Lair:1   | Killed an eight-headed hydra
  6409 | Lair:1   | Noticed a black mamba
  6414 | Lair:1   | Killed a black mamba
  6414 | Lair:1   | Reached XP level 10. HP: 64/93 MP: 9/9
  6526 | Lair:1   | Noticed a four-headed hydra
  6554 | D:8      | Killed a four-headed hydra
  7030 | Lair:1   | Noticed an oklob plant
  7220 | Lair:1   | Noticed forly's ghost (journeyman DrFE)
  7240 | Lair:1   | Killed forly's ghost
  7287 | Lair:1   | Reached skill level 10 in Shields
  7573 | Lair:1   | Reached XP level 11. HP: 88/100 MP: 10/10
  8127 | Lair:2   | Found a frozen archway.
  8171 | Lair:2   | Reached skill level 15 in Maces & Flails
  8187 | IceCv    | Entered an ice cave
  8209 | IceCv    | Reached ***** piety under Trog
  8961 | IceCv    | Reached skill level 5 in Armour
  9511 | Lair:2   | Received a gift from Trog
  9770 | Lair:2   | Noticed a griffon
  9774 | Lair:2   | Killed a griffon
  9897 | Lair:2   | Reached XP level 12. HP: 106/106 MP: 11/11
  9992 | Lair:2   | Noticed Kloppie's ghost (journeyman GrFi)
 10028 | Lair:2   | Killed Kloppie's ghost
 10374 | Lair:3   | Noticed Harold
 10381 | Lair:3   | Killed Harold
 10500 | Lair:3   | Noticed a four-headed hydra
 10510 | Lair:3   | Killed a four-headed hydra
 10701 | Lair:3   | Noticed Fannar
 10721 | Lair:3   | Killed Fannar
 10961 | Lair:3   | Reached skill level 10 in Armour
 11115 | Lair:3   | Noticed Sonja
 11133 | Lair:3   | Killed Sonja
 12071 | Lair:4   | Reached skill level 15 in Shields
 12104 | Lair:4   | Noticed Kloppie's ghost (journeyman TrFi)
 12126 | Lair:4   | Killed Kloppie's ghost
 12126 | Lair:4   | Reached XP level 13. HP: 113/113 MP: 12/12
 12195 | Lair:4   | Found a staircase to the Swamp.
 12370 | Lair:4   | Received a gift from Trog
 13422 | Lair:5   | Received a gift from Trog
 13731 | Lair:5   | Noticed Josephine
 13739 | Lair:5   | Killed Josephine
 14216 | Lair:6   | Found a hole to the Spider Nest.
 15945 | Lair:6   | Reached XP level 14. HP: 119/129 MP: 13/13
 16812 | Lair:7   | Received a gift from Trog
 16822 | Lair:7   | Got a dazzling morningstar {god gift}
 16969 | Lair:7   | Identified the +10 morningstar of Unnigydi {crush, SInv} (Trog gifted it to you on level 7 of the Lair of Beasts)
 18223 | D:9      | Found an ancient bone altar of Kikubaaqudgha.
 18355 | D:10     | Entered Level 10 of the Dungeon
 18429 | D:10     | Found Bulut's Weapon Boutique.
 18571 | D:10     | Received a gift from Trog
 18681 | D:10     | Noticed Maud
 18692 | D:10     | Killed Maud
 19717 | D:11     | Got a spiked scale mail
 19728 | D:11     | Identified the cursed +0 scale mail "Qovunn" {rF+ Str+7 Int-4 SInv} (You found it on level 11 of the Dungeon)
 19728 | D:11     | Lost intelligence.
 20201 | D:11     | Reached skill level 15 in Fighting
 20283 | D:11     | Found a staircase to the Orcish Mines.
 20476 | D:12     | Found Ixecero's Food Shop.
 20800 | D:12     | Reached ****** piety under Trog
 21452 | D:13     | Received a gift from Trog
 21518 | D:13     | Found a shimmering altar of Xom.
 21646 | D:13     | Noticed Erolcha
 21652 | D:13     | Killed Erolcha
 21849 | D:13     | Noticed Maurice
 21859 | D:13     | Reached XP level 15. HP: 143/143 MP: 14/14
 21877 | D:13     | Found a gate to the Vaults.
 21908 | D:13     | Killed Maurice
 22073 | D:13     | Found a flagged portal.
 22092 | Bailey   | Entered a bailey
 22100 | Bailey   | Noticed an orc warlord
 22204 | Bailey   | Found a runed gate.
 22206 | Bailey   | Found a runed gate.
 22209 | Bailey   | Found a runed gate.
 22291 | Bailey   | Killed an orc warlord
 22312 | Bailey   | Got a translucent buckler
 22341 | D:13     | Identified the +3 buckler "Imupruq" {*Confuse rElec rPois MR+++ Int-4} (You found it in a bailey)
 22341 | D:13     | Lost intelligence.
 22741 | D:13     | Identified a scroll of acquirement
 22829 | D:11     | Noticed baghtru's ghost (journeyman HOFi)
 22849 | D:11     | Killed baghtru's ghost
 22895 | Orc:1    | Entered Level 1 of the Orcish Mines
 22903 | Orc:1    | Noticed an orc warlord
 22932 | Orc:1    | Killed an orc warlord
 22933 | Orc:1    | Received a gift from Trog
 23485 | Orc:2    | Entered Level 2 of the Orcish Mines
 23614 | Orc:2    | Found a staircase to the Elven Halls.
 23702 | Orc:2    | Reached skill level 5 in Dodging
 23789 | Orc:2    | Found a dark tunnel.
 23799 | Volcano  | Entered a volcano
 24126 | Orc:1    | Found Xogililo's Jewellery Shop.
 24147 | Orc:1    | Received a gift from Trog
 24406 | Orc:1    | Found Bitij's Antique Armour Shoppe.
 24409 | Orc:1    | Noticed an orc warlord
 24425 | Orc:1    | Killed an orc warlord
 24599 | Orc:2    | Gained mutation: Your body sometimes deteriorates upon taking damage. [a neqoxec]
 25057 | Orc:2    | Found Aghecikk's Antique Weapon Emporium.
 25057 | Orc:2    | Found Funuu's Armour Shop.
 25070 | Orc:2    | Found Qoma's Distillery.
 25070 | Orc:2    | Found Sear's Armour Shop.
 25078 | Orc:2    | Bought a potion of berserk rage for 55 gold pieces
 25083 | Orc:2    | Bought a +0 chain mail of poison resistance for 127 gold pieces
 25417 | Lair:8   | Entered Level 8 of the Lair of Beasts
 25631 | Lair:8   | Received a gift from Trog
 25913 | Lair:8   | Got a sparkling amethyst amulet
 25915 | Lair:8   | Got an opalescent robe
 25917 | Lair:8   | Got a fabulously ornate robe
 25929 | Lair:8   | Identified the cursed +0 robe of Gaah Ybi {Str-5 Int+3 SInv} (You found it on level 8 of the Lair of Beasts)
 25941 | Lair:8   | Identified the cursed +1 robe "Vyjitt" {-Cast rPois rN+ MR+++} (You found it on level 8 of the Lair of Beasts)
 25962 | Lair:8   | Lost intelligence.
 25962 | Lair:8   | Identified the amulet "Jiretore" {Inacc -Tele rC+++ rN+++ Int-5} (You found it on level 8 of the Lair of Beasts)
 26102 | Lair:8   | Found a viscous altar of Jiyva.
 26102 | Lair:8   | Found a staircase to the Slime Pits.
 26295 | Swamp:1  | Entered Level 1 of the Swamp
 26417 | Swamp:1  | Noticed Schimscham's ghost (journeyman MiFi)
 26429 | Swamp:1  | Killed Schimscham's ghost
 26815 | Swamp:1  | Reached skill level 10 in Dodging
 27338 | Swamp:1  | Gained mutation: You have a pair of large horns on your head. [potion of beneficial mutation]
 27347 | Swamp:1  | Lost mutation: You have a pair of large horns on your head. [potion of cure mutation]
 27347 | Swamp:1  | Lost mutation: Your body sometimes deteriorates upon taking damage. [potion of cure mutation]
 27706 | Swamp:2  | Noticed Louise
 27748 | Swamp:2  | Killed Louise
 27748 | Swamp:2  | Reached XP level 16. HP: 64/155 MP: 15/15
 28165 | Swamp:2  | Received a gift from Trog
 29166 | Swamp:3  | Reached skill level 15 in Armour
 30263 | Swamp:4  | Entered Level 4 of the Swamp
 30313 | Swamp:4  | HP: 1/155 [four-headed hydra[a spriggan druid] (17)]
 30313 | Swamp:4  | Slain by a four-headed hydra

Skill      XL: |  1  2  3  4  5  6  7  8  9 10 11 12 13 14 15 16 |
---------------+-------------------------------------------------+-----
Fighting       | 4 5 6 7 8 10 13 15 17 | 17.1
Maces & Flails | 4 6 7 8 10 12 14 15 16 17 | 17.2
Shields        | 7 10 12 15 | 15.3
Armour         | 7 11 14 15 | 15.6
Dodging        | 10 12 | 12.0

Action                   |  1- 3 |  4- 6 |  7- 9 | 10-12 | 13-15 | 16-18 || total
-------------------------+-------+-------+-------+-------+-------+-------++-------
Melee: Mace              |   102 |    69 |    79 |       |       |       ||   250
       Headbutt          |    12 |     9 |    63 |   174 |   454 |    87 ||   799
       Flail             |       |       |   170 |   642 |   562 |       ||  1374
       Eveningstar       |       |       |       |       |   900 |   312 ||  1212
       Morningstar       |       |       |       |       |   189 |       ||   189
Invok: Berserk           |       |     2 |     2 |     4 |     6 |     1 ||    15
       Trog's Hand       |       |       |     1 |     8 |    13 |     3 ||    25
       Brothers in Arms  |       |       |       |     3 |     6 |       ||     9
  Use: Scroll            |       |    10 |    11 |     4 |    14 |       ||    39
       Potion            |       |       |       |     2 |     8 |       ||    10
 Stab: Petrified         |       |       |       |       |     2 |       ||     2
  Eat: Chunk             |     1 |     4 |    17 |    13 |    37 |     1 ||    73
       Meat ration       |       |       |       |     2 |     5 |     2 ||     9
       Beef jerky        |       |       |       |       |     1 |       ||     1
Armor: Animal skin       |     1 |       |       |       |       |       ||     1
       Chain mail        |    61 |    36 |     4 |       |       |    87 ||   188
       Scale mail        |       |       |    77 |   186 |   144 |       ||   407
       Plate armour      |       |       |       |       |   361 |       ||   361
       Robe              |       |       |       |       |    22 |     6 ||    28
Dodge: Dodged            |    54 |    30 |   108 |   167 |   400 |   156 ||   915
Block: Shield            |       |       |       |   146 |  1087 |   220 ||  1453
       Buckler           |       |       |       |    53 |       |       ||    53
       Reflection        |       |       |       |       |     7 |       ||     7
